 Dungeon Crawl Stone Soup version 0.19.3-4-gbf9329e (webtiles) character file.

10896 Peloso the Carver (level 11, -13/97 HPs)
             Began as a Minotaur Fighter on Jan 28, 2017.
             Was a High Priest of Okawaru.
             Mangled by Snorg (24 damage)
             ... on level 10 of the Dungeon.
             The game lasted 00:32:36 (9557 turns).

Peloso the Carver (Minotaur Fighter)                Turns: 9557, Time: 00:32:36

Health: -13/97     AC: 20    Str: 26    XL:     11   Next: 42%
Magic:  8/10       EV: 12    Int:  5    God:    Okawaru [*****.]
Gold:   193        SH: 14    Dex:  9    Spells: 0 memorised, 10 levels left

rFire  . . .     SeeInvis .     a - +1 long sword
rCold  . . .     Gourm    .     y - +3 chain mail "Bejipn" {+Fly rElec Str+4 Dex-3}
rNeg   . . .     Faith    .     c - +0 shield
rPois  +         Spirit   .     (helmet restricted)
rElec  +         Reflect  .     w - +0 cloak
rCorr  .         Harm     .     q - +0 pair of gloves
MR     .....                    (no boots)
Stlth  ..........               e - amulet of magic regeneration
                                (no ring)
                                C - ring of poison resistance

@: heroism
A: retaliatory headbutt, horns 2
a: Heroism, Finesse, Renounce Religion, Evoke Flight


You were on level 10 of the Dungeon.
You worshipped Okawaru.
Okawaru was extremely pleased with you.
You were hungry.

You visited 2 branches of the dungeon, and saw 11 of its levels.

You collected 841 gold pieces.
You spent 648 gold pieces at shops.

Inventory:

Hand Weapons
 a - a +1 long sword (weapon)
 B - a +4 halberd
Armour
 c - a +0 shield (worn)
 m - a +1 plate armour
 q - a +0 pair of gloves (worn)
 w - a +0 cloak (worn)
 y - the +3 chain mail "Bejipn" (worn) {+Fly rElec Str+4 Dex-3}
   (You found it on level 5 of the Dungeon)

   It affects your strength (+4).
   It affects your dexterity (-3).
   It insulates you from electricity.
   It lets you fly.
Jewellery
 e - an amulet of magic regeneration (around neck)
 t - a +4 ring of intelligence
 C - a ring of poison resistance (left hand)
 S - an uncursed ring of protection from magic {unknown}
Wands
 A - a wand of digging (14/24)
 L - a wand of iceblast (10/15)
 O - a wand of acid (5/15)
 T - a wand of slowing (10/48)
 U - a wand of digging (15/24)
 V - a wand of flame (22/48)
Scrolls
 d - a scroll of fear
 l - 4 scrolls of remove curse
 D - a scroll of magic mapping
 I - 3 scrolls of amnesia {unknown}
 K - a scroll of recharging {unknown}
 M - a scroll of blinking {unknown}
 N - a scroll of teleportation
 Q - a scroll of enchant armour
 R - a scroll of random uselessness {unknown}
 X - a scroll of identify
Potions
 g - 4 potions of cancellation
 i - a potion of agility
 j - a potion of resistance {unknown}
 k - 2 potions of experience
 n - 6 potions of heal wounds {unknown}
 p - a potion of brilliance {unknown}
 s - 2 potions of cure mutation {unknown}
 u - 2 potions of flight {unknown}
 v - 4 potions of haste {unknown}
 x - 2 potions of curing {unknown}
 z - a potion of mutation {unknown}
 F - a potion of degeneration {unknown}
 G - 3 potions of magic {unknown}
 H - a potion of berserk rage {unknown}
 P - a potion of ambrosia {unknown}
 W - a potion of might
Books
 b - a book of Frost

   Spells                             Type                      Level
   a - Freeze                         Ice                          1
   b - Throw Frost                    Conjuration/Ice              2
   c - Ozocubu's Armour               Charms/Ice                   3
   d - Throw Icicle                   Conjuration/Ice              4
   e - Summon Ice Beast               Ice/Summoning                4
Comestibles
 f - 7 bread rations
 h - 10 fruits
 o - 3 meat rations
 r - 8 beef jerkies
 E - 10 royal jellies
 J - 3 slices of pizza


   Skills:
 + Level 9.2(14.2) Fighting
 + Level 12.9(17.9) Long Blades
 + Level 10.5(15.5) Armour
 + Level 3.5(8.5) Dodging
 + Level 1.2(6.2) Stealth
 + Level 10.8(15.8) Shields
 + Level 0.8 Invocations
 + Level 1.0 Evocations


You had 10 spell levels left.
You didn't know any spells.

Dungeon Overview and Level Annotations

Branches:
Dungeon (10/15)            Temple (1/1) D:6            Lair (0/6) D:10
    Orc (0/2) D:9

Altars:
Ashenzari
Elyvilon
Gozag
Okawaru
Sif Muna
Vehumet
Xom
Zin
The Shining One

Shops:
D:10 !

Annotations:
D:10 Snorg


Innate Abilities, Weirdness & Mutations

You reflexively headbutt those who attack you in melee.
You have a pair of horns on your head.


Message History

Snorg is severely wounded.
Snorg completely misses you. Snorg barely misses you.
You hit Snorg.
Snorg is severely wounded.
Snorg barely misses you. You furiously retaliate!
You headbutt Snorg! Snorg claws you!
* * * LOW HITPOINT WARNING * * *
Snorg barely misses you.
You gain the combat prowess of a mighty hero.
You block Snorg's attack. Snorg claws you but does no damage.
You block Snorg's attack. Snorg completely misses you. You furiously retaliate!
You headbutt Snorg. Snorg barely misses you. You block Snorg's attack.
Your chain mail "Bejipn" prevents you from hitting Snorg.
Snorg is severely wounded.
You block Snorg's attack. x2; Snorg claws you!
* * * LOW HITPOINT WARNING * * *
You completely miss Snorg.
Snorg is severely wounded.
Snorg bites you!!
You die...

#....#...#.###
######.....# #.#####
### #.# # #.########.#
#.#........#.#
###.#?##.......#
#.$<...'.......# ####
###.#@##.......####...
#T#........#......
#.#.########..>...
#.#.# #.##... #.#.#
#.###.. #.#.# #.# #..
#.#.########'###..
..#.##........##..
#.##........####


You could see Snorg (berserk).

Vanquished Creatures
  Erolcha (D:9)
  A hill giant (D:10)
  2 trolls (D:9)
  3 hornets (D:9)
  Grinder (D:3)
  A two-headed ogre (D:10)
  Prince Ribbit (D:9)
  2 hippogriffs
  A wyvern (D:10)
  7 yaks (D:10)
  A hungry ghost (D:7)
  The ghost of Siegfriedson the Conjurer, an amateur DECj (D:5)
  10 orc warriors
  3 ice beasts
  2 sky beasts (D:10)
  3 phantoms
  A black bear (D:10)
  17 ogres
  3 centaurs
  2 big kobolds
  4 bullfrogs
  2 wyvern zombies
  4 gnoll sergeants
  2 scorpions
  A water moccasin skeleton (D:5)
  4 killer bees (D:9)
  4 wights (D:8)
  2 howler monkeys
  5 crimson imps
  3 bullfrog zombies
  A jelly (D:10)
  5 hounds
  5 orc priests
  A centaur skeleton (D:10)
  4 gnoll shamans (D:7)
  Crazy Yiuf (D:2)
  Ijyb (D:2)
  A bullfrog skeleton (D:8)
  Jessica (D:2)
  Terence (D:3)
  5 iguanas
  7 orc wizards
  7 worker ants
  A hound skeleton (D:5)
  13 gnolls (D:7)
  9 adders
  4 shadow imps
  3 oozes
  4 worms
  A dart slug (D:1)
  5 leopard geckos
  35 orcs
  5 giant cockroaches
  5 goblins
  4 hobgoblins
  5 jackals
  20 kobolds
  5 quokkas
  A ball python (D:2)
  4 bats
  3 frilled lizards
  A jackal skeleton (D:5)
  A jackal zombie (D:5)
  7 rats
  4 fungi (D:7)
  2 plants (D:7)
276 creatures vanquished.

Vanquished Creatures (others)
  A fungus (D:7)
  A plant (D:7)
2 creatures vanquished.

Grand Total: 278 creatures vanquished

Notes
Turn   | Place    | Note
-------+----------+-------------------------------------------
     0 | D:1      | Peloso the Minotaur Fighter began the quest for the Orb.
     0 | D:1      | Reached XP level 1. HP: 19/19 MP: 0/0
   170 | D:1      | Reached XP level 2. HP: 27/27 MP: 1/1
   531 | D:1      | Reached XP level 3. HP: 33/33 MP: 2/2
   766 | D:2      | Noticed Ijyb
   776 | D:2      | Killed Ijyb
   776 | D:2      | Reached skill level 3 in Long Blades
   800 | D:2      | Reached XP level 4. HP: 40/40 MP: 3/3
   821 | D:2      | Found a runed door.
   997 | D:2      | Noticed Jessica
  1003 | D:2      | Killed Jessica
  1339 | D:3      | Noticed Grinder
  1359 | D:3      | Killed Grinder
  1359 | D:3      | Reached skill level 4 in Long Blades
  1359 | D:3      | Reached skill level 5 in Armour
  1359 | D:3      | Reached skill level 5 in Shields
  1359 | D:3      | Reached XP level 5. HP: 8/47 MP: 4/4
  1359 | D:3      | Reached XP level 6. HP: 9/53 MP: 5/5
  1662 | D:3      | Noticed Terence
  1674 | D:3      | Killed Terence
  1674 | D:3      | Reached skill level 5 in Long Blades
  2226 | D:2      | Noticed Crazy Yiuf
  2235 | D:2      | Killed Crazy Yiuf
  2335 | D:4      | Reached XP level 7. HP: 39/60 MP: 6/6
  2480 | D:4      | Reached skill level 6 in Long Blades
  2664 | D:4      | HP: 1/60 [ogre/giant spiked club (10)]
  2996 | D:4      | Reached skill level 5 in Fighting
  3204 | D:4      | Reached skill level 7 in Long Blades
  3300 | D:4      | Reached XP level 8. HP: 61/68 MP: 7/7
  3546 | D:5      | Entered Level 5 of the Dungeon
  3597 | D:5      | Got a shimmering chain mail
  3608 | D:5      | Identified the +3 chain mail "Bejipn" {+Fly rElec Str+4 Dex-3} (You found it on level 5 of the Dungeon)
  3639 | D:5      | Noticed Siegfriedson's ghost (amateur DECj)
  3648 | D:5      | Reached skill level 1 in Dodging
  3656 | D:5      | Killed Siegfriedson's ghost
  3656 | D:5      | Reached skill level 8 in Long Blades
  4091 | D:5      | Found an opulent altar of Gozag.
  4437 | D:6      | Reached skill level 1 in Evocations
  4442 | D:6      | Found a glowing silver altar of Zin.
  4442 | D:6      | Found a radiant altar of Vehumet.
  4442 | D:6      | Found a shimmering altar of Xom.
  4442 | D:6      | Found a glowing golden altar of the Shining One.
  4535 | D:6      | Found a staircase to the Ecumenical Temple.
  4562 | Temple   | Entered the Ecumenical Temple
  4574 | Temple   | Became a worshipper of Warmaster Okawaru
  4779 | D:6      | Reached skill level 9 in Long Blades
  4850 | D:6      | Found a deep blue altar of Sif Muna.
  5126 | D:7      | Reached XP level 9. HP: 78/78 MP: 8/8
  5398 | D:7      | Found a deep blue altar of Sif Muna.
  5423 | D:7      | Reached * piety under Okawaru
  5423 | D:7      | Reached skill level 1 in Stealth
  5436 | D:7      | Reached skill level 10 in Long Blades
  6165 | D:7      | Reached ** piety under Okawaru
  6899 | D:8      | Reached XP level 10. HP: 74/86 MP: 9/9
  6907 | D:8      | Reached skill level 11 in Long Blades
  7176 | D:8      | Found a faded altar of an unknown god.
  7176 | D:8      | Found a white marble altar of Elyvilon.
  7183 | D:8      | Found a faded altar of an unknown god.
  7185 | D:8      | Found a faded altar of an unknown god.
  7194 | D:8      | Found a faded altar of an unknown god.
  7432 | D:9      | Noticed Prince Ribbit
  7439 | D:9      | Killed Prince Ribbit
  7445 | D:9      | Reached *** piety under Okawaru
  7775 | D:9      | Noticed Erolcha
  7789 | D:9      | Killed Erolcha
  7789 | D:9      | Reached **** piety under Okawaru
  7912 | D:9      | Reached skill level 12 in Long Blades
  7999 | D:9      | Found a staircase to the Orcish Mines.
  8015 | D:9      | Reached skill level 10 in Shields
  8034 | D:9      | Reached skill level 10 in Armour
  8480 | D:9      | Reached XP level 11. HP: 86/95 MP: 10/10
  8709 | D:10     | Entered Level 10 of the Dungeon
  9005 | D:10     | Reached ***** piety under Okawaru
  9033 | D:10     | Noticed a hill giant
  9080 | D:10     | Killed a hill giant
  9336 | D:10     | Found Iqiemext's Distillery.
  9340 | D:10     | Bought a potion of might for 48 gold pieces
  9340 | D:10     | Bought a potion of experience for 600 gold pieces
  9473 | D:10     | Found a staircase to the Lair.
  9544 | D:10     | Noticed Snorg
  9557 | D:10     | Mangled by Snorg

Skill      XL: |  1  2  3  4  5  6  7  8  9 10 11 |
---------------+----------------------------------+-----
Armour         | 4 5 6 7 8 10 | 10.5
Shields        | 4 5 6 7 8 10 | 10.8
Fighting       | 4 5 6 7 8 9 |  9.2
Long Blades    | 3 4 5 7 9 10 12 | 12.9
Dodging        | 1 2 3 |  3.5
Evocations     | 1 |  1.0
Stealth        | 1 |  1.2
Invocations    | |  0.8

Action                   |  1- 3 |  4- 6 |  7- 9 | 10-12 || total
-------------------------+-------+-------+-------+-------++-------
Melee: Long sword        |    62 |   131 |   435 |   441 ||  1069
       Headbutt          |     7 |    26 |   110 |   110 ||   253
Invok: Heroism           |       |       |       |     8 ||     8
Evoke: Wand              |       |       |     5 |       ||     5
  Use: Potion            |       |     1 |       |       ||     1
       Scroll            |       |       |     8 |     5 ||    13
  Eat: Chunk             |       |     4 |    19 |     9 ||    32
       Fruit             |       |       |     1 |       ||     1
Armor: Scale mail        |     7 |       |       |       ||     7
       Plate armour      |    21 |    93 |    28 |       ||   142
       Chain mail        |       |       |   114 |   136 ||   250
Dodge: Dodged            |    15 |    23 |   100 |   111 ||   249
Block: Shield            |    30 |    76 |   198 |   241 ||   545
       Rpst.: Long sword |     2 |     5 |    35 |    21 ||    63
